[Event "Team 45 45 League T61"]
[Site "Internet Chess Club"]
[Date "2014.06.24"]
[Round "4"]
[White "chess09"]
[Black "SaltofLife"]
[Result "1/2-1/2"]
[WhiteElo "1988"]
[BlackElo "1971"]
[Opening "Bogo-Indian defense, Nimzovich variation"]
[ECO "E11"]
[Time "14:34:40"]
[TimeControl "2700+45"]

1. d4 Nf6 2. c4 e6 3. Nf3 Bb4+ 4. Bd2 Qe7 5. g3 Nc6 6. Bg2 Bxd2+ 7. Qxd2 Ne4 8.
Qc2 Qb4+ 9. Nc3 Nxc3 10. Qxc3 Qxc3+ 11. bxc3 d6 12. Rb1 Rb8 13. Nd2 Na5 14. O-O
b6 15. c5 dxc5 16. dxc5 Ba6 17. cxb6 cxb6 18. Bf3 Rc8 19. Rfc1 O-O 20. Nb3 Nc4
21. Rd1 Rfd8 22. Rd4 e5 23. Rd5 Rxd5 24. Bxd5 Na3 25. Rc1 Kf8 26. Kf1 Bc4 27.
Bxc4 Rxc4 28. Ke1 Ke7 29. Kd2 g5 30. Kd3 f5 31. f3 Rc7 32. e4 Rd7+ 33. Ke2 fxe4
34. fxe4 Rc7 35. Kd3 Rd7+ 36. Ke2 Rc7 37. Kd3 Rd7+ 38. Ke2 Rc7 39. Kd3 {Game
drawn by repetition} 1/2-1/2

[Event "Team 45 45 League T61"]
[Site "Internet Chess Club"]
[Date "2014.06.19"]
[Round "4"]
[White "RubberDuck"]
[Black "Nathan-L"]
[Result "1-0"]
[WhiteElo "1908"]
[BlackElo "1855"]
[Opening "QGD: Tartakower (Makagonov-Bondarevsky) system"]
[ECO "D58"]
[Time "12:01:15"]
[TimeControl "2700+45"]

1. d4 Nf6 2. c4 e6 3. Nc3 d5 4. Bg5 Be7 5. Nf3 h6 6. Bh4 O-O 7. e3 b6 8. Rc1 Bb7
9. Be2 c5 10. O-O dxc4 11. Bxc4 cxd4 12. Nxd4 Ne4 13. Bg3 Bf6 14. Nxe4 Bxe4 15.
Nb5 Bxb2 16. Qxd8 Rxd8 17. Rcd1 Nc6 18. Nc7 Rxd1 19. Rxd1 Rd8 20. Rxd8+ Nxd8 21.
Nb5 Nc6 22. Nd6 Bd5 23. Bb5 Nb4 24. a4 a6 25. Be8 e5 26. Nc8 Bc6 27. Bxc6 Nxc6
28. Nxb6 f6 29. Nc4 Kf7 30. Nxb2 {Black resigns} 1-0

[Event "Team 45 45 League T61"]
[Site "Internet Chess Club"]
[Date "2014.06.21"]
[Round "4"]
[White "Stiltzkin"]
[Black "jonesey"]
[Result "1/2-1/2"]
[WhiteElo "1784"]
[BlackElo "1943"]
[Opening "QGD semi-Slav: 5.e3"]
[ECO "D45"]
[Time "14:00:15"]
[TimeControl "2700+45"]

1. d4 d5 2. c4 c6 3. Nc3 Nf6 4. e3 e6 5. Nf3 Be7 6. Bd3 dxc4 7. Bxc4 c5 8. O-O
O-O 9. Qe2 cxd4 10. Rd1 Qa5 11. exd4 Nc6 12. Bg5 Nb4 13. a3 Nbd5 14. Nxd5 Nxd5
15. Bxe7 Nxe7 16. Ne5 Rb8 17. b4 Qd8 18. Rac1 {Game drawn by mutual agreement}
1/2-1/2

[Event "Team 45 45 League T61"]
[Site "Internet Chess Club"]
[Date "2014.06.22"]
[Round "4"]
[White "Salvatore"]
[Black "Zugzwanged"]
[Result "1-0"]
[WhiteElo "1622"]
[BlackElo "1725"]
[Opening "Trompowsky attack (Ruth, Opocenský opening)"]
[ECO "A45"]
[Time "14:00:55"]
[TimeControl "2700+45"]

1. d4 Nf6 2. Bg5 e6 3. Nc3 h6 4. Bh4 d5 5. Qd3 c5 6. dxc5 Nc6 7. O-O-O Bxc5 8.
e4 g5 9. Bg3 O-O 10. f4 dxe4 11. Qc4 Qe7 12. fxg5 hxg5 13. Nxe4 Nxe4 14. Qxe4
Bd7 15. h4 f5 16. Qd3 Rad8 17. hxg5 Qxg5+ 18. Kb1 Bc8 19. Qf3 Rxd1+ 20. Qxd1
Qxg3 21. Nf3 Qd6 22. Bd3 Ne5 23. Nxe5 Qxe5 24. Qh5 Qg7 25. a3 Bd7 26. g4 Be8 27.
Qh4 Be7 28. Qh2 f4 29. Bh7+ Kf7 30. Qxf4+ Qf6 31. Qc1 Kg7 32. Bd3 Rh8 33. Rf1
Qg5 34. Qe1 Rh6 35. Qc3+ Bf6 36. Qc7+ Bf7 37. Qxb7 Bd4 38. Qxf7+ Kh8 39. Qe8+
Kg7 40. Rf7# {Black checkmated} 1-0

[Event "Team 45 45 League T61"]
[Site "Internet Chess Club"]
[Date "2014.06.23"]
[Round "4"]
[White "ausya"]
[Black "jt2000"]
[Result "0-1"]
[WhiteElo "1786"]
[BlackElo "1949"]
[Opening "Sicilian: Alapin's variation (2.c3)"]
[ECO "B22"]
[Time "19:57:13"]
[TimeControl "2700+45"]

1. e4 c5 2. c3 Nf6 3. e5 Nd5 4. d4 e6 5. Nf3 b6 6. Bc4 Bb7 7. O-O d6 8. Nbd2
cxd4 9. cxd4 Nd7 10. Re1 Rc8 11. exd6 Bxd6 12. Ne4 Be7 13. Bb3 N7f6 14. Ng3 O-O
15. Bd2 Qd6 16. Qe2 Rfd8 17. Qe5 h6 18. Rac1 Bf8 19. Rxc8 Rxc8 20. Rc1 Rxc1+ 21.
Bxc1 Nb4 22. Qxd6 Bxd6 23. Ne5 Bxe5 24. dxe5 Nd7 25. f4 Ba6 26. a3 Nd3 27. Ne2
N7c5 28. Bd1 Bc4 29. b4 Ne4 30. Bc2 Nxc1 31. Nxc1 Nc3 32. Kf2 Bd5 33. g3 Nb5 34.
a4 Nd4 35. Bd1 Kf8 36. Ke3 Nc6 37. b5 Na5 38. Kd4 Ke8 39. f5 Kd7 40. fxe6+ Bxe6
41. Ke4 Nb7 42. Nd3 Nc5+ 43. Nxc5+ bxc5 44. a5 Kc7 45. Kd3 Bd5 46. Kc3 f6 47.
exf6 gxf6 48. Bb3 Bg2 49. Bf7 Bf1 50. Bc4 Bg2 51. Kd2 Kd6 52. Ke3 Ke5 53. b6
axb6 54. axb6 Bb7 55. g4 Kd6 56. Bb5 Bc8 57. h3 Kd5 58. Kd3 Bb7 59. Bd7 Kd6 60.
Bb5 Bg2 61. h4 Bf1+ 62. Ke4 Bxb5 63. Kf5 Bd7+ 64. Kxf6 Bxg4 65. b7 Kc7 66. Ke5
Kxb7 67. Kd5 Kb6 68. Kc4 h5 69. Kc3 Kb5 70. Kb3 c4+ 71. Kc3 Kc5 72. Kd2 Kd4 73.
Kc2 c3 74. Kc1 Kd3 75. Kb1 Kd2 76. Ka2 c2 77. Kb3 c1=Q 78. Kb4 Qc3+ 79. Kb5 Be2+
80. Kb6 Qc4 81. Kb7 Qc5 82. Ka8 Qb5 83. Ka7 Bf1 84. Ka8 Bg2+ 85. Ka7 Qb7# {White
checkmated} 0-1

[Event "Team 45 45 League T61"]
[Site "Internet Chess Club"]
[Date "2014.06.22"]
[Round "4"]
[White "Warpdrive"]
[Black "juniorVishy"]
[Result "0-1"]
[WhiteElo "1638"]
[BlackElo "1783"]
[Opening "Sicilian: accelerated fianchetto, modern variation"]
[ECO "B34"]
[Time "19:03:34"]
[TimeControl "2700+45"]

1. e4 c5 2. Nf3 g6 3. d4 cxd4 4. Nxd4 Nc6 5. Nc3 Bg7 6. Be3 Nf6 7. Be2 O-O 8.
Qd2 d5 9. exd5 Nxd5 10. Nxc6 bxc6 11. Bd4 e5 12. Bc5 Re8 13. Rd1 Be6 14. O-O Qc7
15. Nxd5 cxd5 16. Ba3 d4 17. Bf3 Rac8 18. Rc1 Red8 19. b3 f5 20. g3 e4 21. Bg2
Bf8 22. Bxf8 Kxf8 23. Qb4+ Qc5 24. Qxc5+ Rxc5 25. Rfd1 Rc3 26. Bf1 Ke7 27. Rd2
d3 28. Bg2 Rdc8 29. Kf1 Rxc2 30. Rdxc2 Rxc2 31. Ke1 {White resigns} 0-1

[Event "Team 45 45 League T61"]
[Site "Internet Chess Club"]
[Date "2014.06.24"]
[Round "4"]
[White "divy7"]
[Black "tryanything"]
[Result "0-1"]
[WhiteElo "1617"]
[BlackElo "1618"]
[Opening "two knights defense: Fritz variation"]
[ECO "C57"]
[Time "21:04:28"]
[TimeControl "2700+45"]

1. e4 e5 2. Nf3 Nc6 3. Bc4 Nf6 4. Ng5 d5 5. exd5 Nd4 6. d6 Qxd6 7. Bxf7+ Kd8 8.
Bc4 Qc6 9. Nf7+ Ke8 10. d3 Qxg2 11. Kd2 Bb4+ 12. c3 Qxf2+ 13. Qe2 Qxe2# {White
checkmated} 0-1

[Event "Team 45 45 League T61"]
[Site "Internet Chess Club"]
[Date "2014.06.23"]
[Round "4"]
[White "primerpaso"]
[Black "TerryMalloy"]
[Result "1-0"]
[WhiteElo "1959"]
[BlackElo "1907"]
[Opening "English opening"]
[ECO "A17"]
[Time "18:01:21"]
[TimeControl "2700+45"]

1. c4 Nf6 2. Nc3 e6 3. g3 d5 4. cxd5 exd5 5. d4 Bd6 6. Bg2 c6 7. Nf3 Bf5 8. O-O
O-O 9. Ne5 Re8 10. Bf4 Qc7 11. Rc1 Qa5 12. Nxc6 Nxc6 13. Bxd6 Rad8 14. Bc5 Ne4
15. Nxe4 Bxe4 16. a4 Bxg2 17. Kxg2 Rc8 18. e3 Qd8 19. Qd3 Re6 20. Rc2 h5 21. h4
g5 22. Qf5 Rg6 23. Rh1 Kg7 24. hxg5 Rxg5 25. Qf3 Kg6 26. Rh4 b6 27. Ba3 Qd7 28.
Rc3 f5 29. Qf4 Re8 30. Qd6+ Qxd6 31. Bxd6 Rc8 32. Bf4 Rg4 33. Rh1 {Black
resigns} 1-0

[Event "Team 45 45 League T61"]
[Site "Internet Chess Club"]
[Date "2014.06.21"]
[Round "4"]
[White "cond"]
[Black "Baseta"]
[Result "1-0"]
[WhiteElo "1968"]
[BlackElo "1816"]
[Opening "French: Rubinstein variation"]
[ECO "C03"]
[Time "09:00:18"]
[TimeControl "2700+45"]

1. e4 e6 2. d4 d5 3. Nd2 dxe4 4. Nxe4 Nd7 5. Bd3 Be7 6. Nf3 Ngf6 7. Nxf6+ Nxf6
8. Bg5 c5 9. dxc5 Qa5+ 10. c3 Qxc5 11. Qe2 O-O 12. O-O b6 13. Bxf6 gxf6 14. Qe4
f5 15. Qxa8 Ba6 16. Qxf8+ Bxf8 17. Bxa6 e5 18. Rfe1 e4 19. Nd4 Bd6 20. Rad1 Qe5
21. g3 f4 22. Nb5 Bc5 23. b4 fxg3 24. bxc5 gxf2+ 25. Kxf2 Qf4+ 26. Ke2 Qxh2+ 27.
Ke3 f5 28. Rg1+ Kf8 29. Nd6 Qh6+ 30. Kd4 bxc5+ 31. Kd5 Qf6 32. Bc4 e3 33. Kc6 f4
34. Rg8+ Ke7 35. Re8# {Black checkmated} 1-0

[Event "Team 45 45 League T61"]
[Site "Internet Chess Club"]
[Date "2014.06.20"]
[Round "4"]
[White "Portola"]
[Black "az2112"]
[Result "1/2-1/2"]
[WhiteElo "1830"]
[BlackElo "1629"]
[Opening "Queen's pawn game"]
[ECO "D00"]
[Time "11:00:30"]
[TimeControl "2700+45"]

1. d4 d5 2. c3 Bf5 3. Bf4 Nf6 4. e3 e6 5. Nf3 h6 6. Nbd2 Nbd7 7. h3 Be7 8. Be2
O-O 9. O-O c5 10. Qb3 Qb6 11. Rfc1 Rfc8 12. a4 Qxb3 13. Nxb3 c4 14. Nbd2 Rc6 15.
Ne5 Nxe5 16. Bxe5 Rb6 17. Ra2 Rc8 18. Bd1 Bd8 19. Nf3 Nd7 20. Bh2 Nf6 21. Nd2
Rbc6 22. Nf3 Rb6 23. Nd2 Rbc6 {Game drawn by mutual agreement} 1/2-1/2

[Event "Team 45 45 League T61"]
[Site "Internet Chess Club"]
[Date "2014.06.21"]
[Round "4"]
[White "clarinetref"]
[Black "Heian"]
[Result "0-1"]
[WhiteElo "1633"]
[BlackElo "1802"]
[Opening "English opening"]
[ECO "A20"]
[Time "21:06:27"]
[TimeControl "2700+45"]

1. c4 e5 2. g3 Nf6 3. Bg2 Bc5 4. e3 Bb6 5. b4 c6 6. Nc3 O-O 7. Nge2 d5 8. cxd5
cxd5 9. O-O a6 10. Bb2 Nc6 11. a3 Be6 12. Rc1 Rc8 13. Na4 Ba7 14. Nc5 Bxc5 15.
Rxc5 Qd7 16. d4 e4 17. Nf4 Bf5 18. Qb3 Ne7 19. Rfc1 b6 20. Rxc8 Rxc8 21. Rxc8+
Qxc8 22. Qc3 Qxc3 23. Bxc3 g5 24. Ne2 Ne8 25. f3 Nd6 26. fxe4 Bxe4 27. Bxe4 dxe4
28. Kf2 Nd5 29. a4 b5 30. axb5 axb5 31. h4 h6 32. hxg5 hxg5 33. g4 Nc4 34. Be1
Ncxe3 35. Ng3 Nxg4+ 36. Ke2 Ngf6 37. Nf5 Ne8 38. Bd2 f6 39. Kf2 Kf7 40. Kg3 Ke6
41. Kg4 Nd6 42. Ng7+ Kf7 43. Nf5 Nxf5 44. Kxf5 e3 45. Be1 Nf4 46. Ke4 Ng2 47.
Bc3 e2 48. d5 e1=Q+ 49. Bxe1 Nxe1 50. Kd4 Nc2+ 51. Kc5 Ke7 52. Kxb5 Kd6 53. Kc4
Nxb4 54. Kxb4 Kxd5 55. Kc3 Ke4 56. Kd2 Kf3 57. Kd3 {White resigns} 0-1

[Event "Team 45 45 League T61"]
[Site "Internet Chess Club"]
[Date "2014.06.22"]
[Round "4"]
[White "TerryMalloy"]
[Black "NFork"]
[Result "0-1"]
[WhiteElo "1932"]
[BlackElo "2169"]
[Opening "QGA, 4.e3"]
[ECO "D25"]
[Time "15:02:36"]
[TimeControl "2700+45"]

1. d4 d5 2. c4 dxc4 3. Nf3 Nf6 4. e3 a6 5. Bxc4 b5 6. Bd3 Bb7 7. O-O e6 8. Nc3
c5 9. Qe2 Nbd7 10. Rd1 Qb6 11. a4 b4 12. a5 Qc7 13. Na4 Qxa5 14. Nxc5 Qxa1 15.
Nxb7 Qa4 16. Ne5 Be7 17. Bc4 Nxe5 18. dxe5 Nd7 19. b3 Qc6 20. Nd6+ Bxd6 21. Rxd6
Qc7 22. Bb2 Nc5 23. Qg4 O-O 24. f4 Rad8 25. h4 g6 26. h5 Rxd6 27. exd6 Qxd6 28.
f5 exf5 29. Qg5 Ne4 30. Qh6 Qd1+ 31. Bf1 Nc3 32. hxg6 hxg6 33. Kf2 Rd8 34. Bc4
Rd2+ 35. Kg3 Qg4+ {White resigns} 0-1

[Event "Team 45 45 League T61"]
[Site "Internet Chess Club"]
[Date "2014.06.19"]
[Round "4"]
[White "SlimeDog2"]
[Black "fledermaus"]
[Result "1-0"]
[WhiteElo "2018"]
[BlackElo "1913"]
[Opening "QGD: 4.Nf3"]
[ECO "D37"]
[Time "03:16:57"]
[TimeControl "2700+45"]

1. Nf3 d5 2. d4 Nf6 3. c4 e6 4. Nc3 Be7 5. Bg5 Nbd7 6. e3 c6 7. Bd3 O-O 8. O-O
dxc4 9. Bxc4 Nd5 10. Bxe7 Qxe7 11. e4 Nxc3 12. bxc3 Rd8 13. Qb3 b6 14. a4 Rb8
15. Rfd1 Bb7 16. a5 b5 17. Bd3 a6 18. c4 Nf8 19. c5 Ng6 20. e5 Rd7 21. Bc2 Rbd8
22. Qe3 Nh4 23. Ng5 h6 24. Nh3 Nf5 25. Bxf5 exf5 26. Nf4 Bc8 27. g3 Rc7 28. d5
cxd5 29. Nxd5 Qxc5 30. Nxc7 Qxc7 31. Qb6 Rd7 32. Qxc7 Rxc7 33. Rac1 Rxc1 34.
Rxc1 Be6 35. Rc6 Kf8 36. Rxa6 Ke7 37. Rxe6+ {Black resigns} 1-0

[Event "Team 45 45 League T61"]
[Site "Internet Chess Club"]
[Date "2014.06.18"]
[Round "4"]
[White "RubberDuck"]
[Black "JustinL"]
[Result "1-0"]
[WhiteElo "1893"]
[BlackElo "1961"]
[Opening "French: Tarrasch, closed variation"]
[ECO "C05"]
[Time "11:00:57"]
[TimeControl "2700+45"]

1. e4 e6 2. d4 d5 3. Nd2 Nf6 4. e5 Nfd7 5. Ngf3 c5 6. c3 Nc6 7. Be2 Qb6 8. Nb3
cxd4 9. cxd4 Bb4+ 10. Bd2 a5 11. Bc3 a4 12. Nbd2 a3 13. Qc2 Bxc3 14. bxc3 Qb2
15. Rc1 Nb6 16. O-O Bd7 17. Nb3 Na5 18. Nfd2 Ba4 19. Qxb2 axb2 20. Rb1 Bxb3 21.
axb3 Rc8 22. c4 dxc4 23. bxc4 Naxc4 24. Nxc4 Nxc4 25. Bxc4 Rxc4 26. Rxb2 Rxd4
27. Rxb7 O-O 28. g3 g5 29. f4 Kg7 30. fxg5 Re4 31. h4 Rxe5 32. Rf6 Re2 33. Kf1
Re5 34. Kg2 h6 35. Rxh6 Rf5 36. Rxe6 Rd8 37. Re3 Rd2+ 38. Kh3 Rf1 39. Rb4 Kg6
40. Kg4 Rfd1 41. h5+ Kg7 42. h6+ Kg6 43. Rf3 Rd4+ 44. Rxd4 Rxd4+ 45. Rf4 Rd6 46.
Rf6+ Rxf6 47. gxf6 Kxh6 48. Kf5 Kh7 49. Kg5 Kg8 50. Kh6 Kh8 51. g4 Kg8 52. g5
Kh8 53. g6 Kg8 54. Kg5 fxg6 55. Kxg6 Kh8 56. Kf7 Kh7 57. Ke7 {Black resigns} 1-0

[Event "Team 45 45 League T61"]
[Site "Internet Chess Club"]
[Date "2014.06.22"]
[Round "4"]
[White "cysk"]
[Black "jonesey"]
[Result "1-0"]
[WhiteElo "1793"]
[BlackElo "1916"]
[Opening "Scotch: Mieses variation"]
[ECO "C45"]
[Time "23:14:47"]
[TimeControl "2700+45"]

1. e4 e5 2. Nf3 Nc6 3. d4 exd4 4. Nxd4 Nf6 5. Nxc6 bxc6 6. e5 Qe7 7. Qe2 Nd5 8.
c4 Ba6 9. b3 g6 10. g3 Bg7 11. Bb2 O-O 12. Bg2 d6 13. O-O dxe5 14. Re1 Rfe8 15.
Qd2 Nb4 16. a3 Nd3 17. Qxd3 e4 18. Qc2 {Black resigns} 1-0

[Event "Team 45 45 League T61"]
[Site "Internet Chess Club"]
[Date "2014.06.23"]
[Round "4"]
[White "f5"]
[Black "Jack-ONeill"]
[Result "1-0"]
[WhiteElo "2127"]
[BlackElo "2070"]
[Opening "Queen's pawn game, Darooha variation "]
[ECO "D02"]
[Time "14:02:26"]
[TimeControl "2700+45"]

1. d4 d5 2. Nf3 Nf6 3. c4 e6 4. e3 Be7 5. Nc3 O-O 6. Qc2 b6 7. b3 Bb7 8. Be2
Nbd7 9. O-O c5 10. Bb2 Rc8 11. Rfd1 Qc7 12. Rac1 Rfd8 13. Qb1 Qb8 14. cxd5 exd5
15. Bd3 g6 16. h3 Bf8 17. Ne2 Bh6 18. Qa1 Ne4 19. Nd2 Nxd2 20. Rxd2 Re8 21. Bb5
Qd6 22. Rdc2 Re7 23. a4 a6 24. Bxd7 Rxd7 25. a5 c4 26. axb6 Re8 27. Qa5 Re6 28.
bxc4 dxc4 29. Rxc4 Qxb6 30. Rc8+ Bxc8 31. Rxc8+ Bf8 32. Qxb6 Rxb6 33. Ba3 Rbd6
34. Bxd6 Rxd6 35. Ra8 Kg7 36. Nf4 Rb6 37. g4 Bd6 38. Nd3 Rb1+ 39. Kg2 Ra1 40.
Kf3 Ra3 41. Nb2 Ra2 42. Nc4 Bb4 43. Ra7 Be1 44. Ne5 Rxf2+ 45. Ke4 Bb4 46. Nd3
{Black resigns} 1-0

[Event "Team 45 45 League T61"]
[Site "Internet Chess Club"]
[Date "2014.06.24"]
[Round "4"]
[White "Ptzz"]
[Black "santiagoelawad"]
[Result "1/2-1/2"]
[WhiteElo "2060"]
[BlackElo "1980"]
[Opening "QGD Slav: 4.Nc3"]
[ECO "D15"]
[Time "13:10:31"]
[TimeControl "2700+45"]

1. d4 d5 2. c4 c6 3. Nf3 Nf6 4. Nc3 a6 5. e3 Bf5 6. Bd3 Bxd3 7. Qxd3 e6 8. O-O
Be7 9. e4 dxe4 10. Nxe4 Nxe4 11. Qxe4 Nd7 12. Rd1 Nf6 13. Qe2 O-O 14. Bg5 Re8
15. a3 Qc7 16. Rac1 Rad8 17. b4 Qb8 18. h3 h6 19. Bh4 Qf4 20. Bg3 Qe4 21. Qb2
Bd6 22. Ne5 Nh5 23. Bh2 Nf4 24. Bxf4 Qxf4 25. Nf3 {Game drawn by mutual
agreement} 1/2-1/2

[Event "Team 45 45 League T61"]
[Site "Internet Chess Club"]
[Date "2014.06.20"]
[Round "4"]
[White "Baseta"]
[Black "Holgate"]
[Result "0-1"]
[WhiteElo "1826"]
[BlackElo "1967"]
[Opening "Réti opening"]
[ECO "E61"]
[Time "10:15:21"]
[TimeControl "2700+45"]

1. Nf3 g6 2. c4 Bg7 3. d4 Nf6 4. Nc3 O-O 5. g3 d5 6. Qb3 dxc4 7. Qxc4 a6 8. Bg2
b5 9. Qd3 Bb7 10. O-O Nbd7 11. Rd1 c5 12. Be3 c4 13. Qd2 b4 14. Na4 Qa5 15. b3
c3 16. Qe1 Rac8 17. a3 Bd5 18. axb4 Qxb4 19. Nc5 Nxc5 20. dxc5 Bxb3 21. Rd4 Qb5
22. Qxc3 Nd5 23. Qd3 Nxe3 24. Qxe3 Bd5 25. Ne5 Bxg2 26. Kxg2 Rxc5 27. f4 Bxe5
28. fxe5 Rxe5 29. Re4 Qd5 30. Ra4 f5 31. Rd4 Rxe4 {White resigns} 0-1

[Event "Team 45 45 League T61"]
[Site "Internet Chess Club"]
[Date "2014.06.20"]
[Round "4"]
[White "Tobiasdelmonte"]
[Black "frank001"]
[Result "1-0"]
[WhiteElo "1879"]
[BlackElo "1714"]
[Opening "Torre attack (Tartakower variation)"]
[ECO "D03"]
[Time "23:00:35"]
[TimeControl "2700+45"]

1. d4 Nf6 2. Bg5 d5 3. Nf3 c6 4. e3 h6 5. Bh4 Bf5 6. Nbd2 Nbd7 7. c4 e6 8. cxd5
exd5 9. Be2 Bd6 10. O-O O-O 11. Rc1 Qc7 12. a3 Ne4 13. b4 a6 14. Qb3 Bg4 15. Rc2
Nxd2 16. Rxd2 Bxf3 17. Bxf3 Bxh2+ 18. Kh1 Bd6 19. e4 dxe4 20. Bxe4 Bf4 21. Rd3
Qd6 22. d5 c5 23. Rh3 Rfe8 24. Bf5 Rac8 25. Qf3 Be5 26. Qg4 Rc7 27. f4 Bd4 28.
Qh5 Nf6 29. Bxf6 Bxf6 30. Rg3 Kh8 31. Rg6 Qf8 32. d6 Rc6 33. d7 Rd8 34. Re1 Bc3
35. Rxc6 bxc6 36. Re3 cxb4 37. axb4 Bxb4 38. Qe2 g6 39. Re8 {Black resigns} 1-0

[Event "Team 45 45 League T61"]
[Site "Internet Chess Club"]
[Date "2014.06.21"]
[Round "4"]
[White "NFork"]
[Black "searchforbobby1"]
[Result "1-0"]
[WhiteElo "2128"]
[BlackElo "2044"]
[Opening "Réti v Dutch"]
[ECO "A04"]
[Time "08:11:37"]
[TimeControl "2700+45"]

1. Nf3 f5 2. c4 Nf6 3. d3 e6 4. Nc3 d5 5. a3 Be7 6. Bf4 O-O 7. e3 c6 8. Be2 Qe8
9. b4 Nbd7 10. cxd5 exd5 11. Nd4 Nb6 12. O-O Bd7 13. Nb3 Nc8 14. Nc5 Nd6 15. a4
b6 16. Nxd7 Qxd7 17. Qb3 Kh8 18. Bf3 a6 19. b5 axb5 20. axb5 Nxb5 21. Nxb5 cxb5
22. Be5 Rxa1 23. Rxa1 Rd8 24. Rc1 Rc8 25. Rxc8+ Qxc8 26. g3 Qd7 27. Bd4 b4 28.
Bxb6 g6 29. Bd4 Kg8 30. e4 fxe4 31. dxe4 Ne8 32. Be3 h5 33. Bd2 Qb5 34. exd5 Bd6
35. Qb1 Kg7 36. Bc3+ Kh6 37. Ba1 Ng7 38. Qb2 Qd7 39. Be4 Qe7 40. Qd2+ Kh7 41.
Qe2 Kh6 42. Bd4 Kh7 43. Qd3 Qf7 44. Kg2 Ne8 45. Bf3 Ng7 46. Bb2 Nf5 47. Qc4 Ng7
48. Qb5 Qe7 49. Qc6 Kg8 50. Qa8+ Kh7 51. Qc8 Bc5 52. Qc6 Bd6 53. Qc2 Qe8 54. Qd2
Qe7 55. Qd3 Qf7 56. Bd1 Bc5 57. Qd2 Bd6 58. Bc2 Nf5 59. Bxf5 Qxf5 60. Qd4 Qf8
61. f3 Kg8 62. Qh8+ Kf7 63. Qh7+ {Black resigns} 1-0

[Event "Team 45 45 League T61"]
[Site "Internet Chess Club"]
[Date "2014.06.20"]
[Round "4"]
[White "M-Abotreka"]
[Black "chess9793"]
[Result "1/2-1/2"]
[WhiteElo "1999"]
[BlackElo "2074"]
[Opening "Grünfeld: exchange, classical variation"]
[ECO "D87"]
[Time "14:17:56"]
[TimeControl "2700+45"]

1. d4 Nf6 2. c4 g6 3. Nc3 d5 4. cxd5 Nxd5 5. e4 Nxc3 6. bxc3 Bg7 7. Bc4 c5 8.
Ne2 Nc6 9. Be3 O-O 10. O-O Qc7 11. Rc1 b6 12. Qd2 Bb7 13. Bh6 Rad8 14. Bxg7 Kxg7
15. Qe3 e5 16. Bd5 Na5 17. Bxb7 Qxb7 18. dxe5 Nc4 19. Qf4 Qe7 20. Qf6+ Qxf6 21.
exf6+ Kxf6 22. Rfd1 Rfe8 23. f3 Ne3 24. Rxd8 Rxd8 25. Kf2 Nc4 26. Rc2 Rd1 27.
Nf4 Ke5 28. Nd5 f5 29. Ke2 Ra1 30. Kd3 Nd6 31. Ne3 fxe4+ 32. fxe4 b5 33. c4 b4
34. Ng4+ Ke6 35. Nf2 a5 36. Ke3 g5 37. Nd3 Nb7 38. Rf2 a4 39. e5 a3 40. Rf6+ Ke7
41. Ra6 Rxa2 42. Ra7 Rc2 43. Rxb7+ Ke8 44. Nxc5 Rxc4 45. Ne6 a2 46. Ng7+ Kd8 47.
e6 a1=Q 48. e7+ Kc8 49. e8=Q+ Kxb7 50. Qb5+ Ka7 51. Qxc4 Qxg7 52. Qxb4 Qe5+ 53.
Kf3 Qxh2 54. Qc5+ Kb7 55. Qxg5 Kc6 56. Qe7 Qh5+ 57. g4 Qg6 58. g5 Qf5+ 59. Kg3
Kd5 60. Qd8+ {Game drawn by mutual agreement} 1/2-1/2

[Event "Team 45 45 League T61"]
[Site "Internet Chess Club"]
[Date "2014.06.23"]
[Round "4"]
[White "lacibacsi"]
[Black "AmrSobh"]
[Result "0-1"]
[WhiteElo "1963"]
[BlackElo "2196"]
[Opening "Queen's pawn game"]
[ECO "A46"]
[Time "16:02:05"]
[TimeControl "2700+45"]

1. d4 Nf6 2. Nf3 e6 3. Bf4 c5 4. e3 cxd4 5. exd4 Qb6 6. Qc1 Nc6 7. c3 Be7 8. Bd3
d5 9. Nbd2 Bd7 10. Qc2 Rc8 11. Qb3 Bd8 12. Qxb6 Bxb6 13. Bd6 Bc7 14. Ba3 Bd8 15.
c4 dxc4 16. Nxc4 Be7 17. Nd6+ Bxd6 18. Bxd6 Nd5 19. a3 f6 20. O-O Kf7 21. Rac1
g5 22. Rfe1 g4 23. Nd2 Nxd4 24. Bc5 Nc6 25. Ne4 Kg7 26. Nd6 Rb8 27. b4 b6 28.
Be3 Rhd8 29. Be4 Nce7 30. f3 Ba4 31. Nc4 gxf3 32. Bxf3 Nxe3 33. Rxe3 e5 34. Nb2
Be8 35. Rc7 Rd7 36. Rec3 Rbd8 37. Be2 Rxc7 38. Rxc7 Rd7 39. Rc2 Bg6 40. Bb5 Bxc2
41. Bxd7 Bb3 42. Kf2 Kf7 43. Na4 Nd5 44. Bc6 Bxa4 45. Bxa4 Ke6 46. g4 e4 47. Kg3
Ke5 48. Bb3 h6 49. h4 Nf4 50. Bc4 Nd3 51. Bb5 Kd4 52. Bc6 Ne5 53. Bb5 Ke3 54.
Bf1 Nd3 55. g5 fxg5 56. hxg5 hxg5 57. Kg4 Kf2 {White resigns} 0-1

[Event "Team 45 45 League T61"]
[Site "Internet Chess Club"]
[Date "2014.06.20"]
[Round "4"]
[White "egyptiantiger"]
[Black "arhrid"]
[Result "1-0"]
[WhiteElo "2027"]
[BlackElo "1810"]
[Opening "King's Indian: orthodox, Aronin-Taimanov, bayonet attack"]
[ECO "E97"]
[Time "16:22:34"]
[TimeControl "2700+45"]

1. d4 Nf6 2. c4 g6 3. Nc3 Bg7 4. e4 d6 5. Be2 O-O 6. Nf3 e5 7. O-O Nc6 8. d5 Ne7
9. b4 Nh5 10. Re1 Nf4 11. Bxf4 exf4 12. Rc1 h6 13. c5 f5 14. e5 dxe5 15. Bc4 e4
16. d6+ Kh7 17. dxe7 Qxe7 18. Nd5 Qd8 19. Nd2 c6 20. Nxf4 g5 21. Nh3 Qe7 22. Qc2
Re8 23. Rcd1 Be5 24. g3 b5 25. Bf1 Be6 26. Nxe4 Qc7 27. Nd6 Bxd6 28. Rxd6 Bd7
29. Rxe8 Rxe8 30. Qd1 Be6 31. Qh5 Qe7 32. Rxe6 Qxe6 33. Nxg5+ Kg7 34. Nxe6+ Rxe6
35. Qxf5 Re7 36. Bd3 Rf7 37. Qg6+ Kf8 38. Qxh6+ Ke7 39. Qxc6 Rf6 40. Qxb5 a6 41.
Qb7+ Ke6 42. Bc4+ Ke5 43. Qd5# {Black checkmated} 1-0

[Event "Team 45 45 League T61"]
[Site "Internet Chess Club"]
[Date "2014.06.18"]
[Round "4"]
[White "imgr8"]
[Black "RaiseTheCurve"]
[Result "1-0"]
[WhiteElo "2222"]
[BlackElo "2253"]
[Opening "Sicilian: Alapin's variation (2.c3)"]
[ECO "B22"]
[Time "12:36:48"]
[TimeControl "2700+45"]

1. e4 c5 2. c3 a6 3. d4 cxd4 4. cxd4 e6 5. Nf3 b5 6. Bd3 Bb7 7. O-O Nc6 8. Nc3
Rc8 9. Re1 Qc7 10. Bg5 h6 11. Bh4 Nf6 12. Rc1 Qb6 13. d5 Ne7 14. d6 Ng6 15. Bg3
Bxd6 16. e5 Bxf3 17. Qxf3 Nxe5 18. Bxe5 Bxe5 19. Rxe5 b4 20. Ne2 Rxc1+ 21. Nxc1
O-O 22. Nb3 d5 23. Re1 Rc8 24. Qe3 d4 25. Qxd4 {Black resigns} 1-0

[Event "Team 45 45 League T61"]
[Site "Internet Chess Club"]
[Date "2014.06.22"]
[Round "4"]
[White "Jack-ONeill"]
[Black "Barrett-CCSCSL"]
[Result "1-0"]
[WhiteElo "2085"]
[BlackElo "2116"]
[Opening "Queen's pawn game, Darooha variation "]
[ECO "D02"]
[Time "13:04:21"]
[TimeControl "2700+45"]

1. d4 d5 2. Nf3 Nf6 3. c3 c6 4. Bf4 Bf5 5. Qb3 Qb6 6. e3 e6 7. Nbd2 Nbd7 8. h3
h6 9. Be2 Be7 10. O-O O-O 11. c4 dxc4 12. Nxc4 Qxb3 13. axb3 Nd5 14. Bh2 a6 15.
Nfd2 N7f6 16. Na5 Ra7 17. Ndc4 Bh7 18. Nd6 Bxd6 19. Bxd6 Rc8 20. Nxb7 Ne4 21.
Bh2 Rxb7 22. Bxa6 Rbb8 23. Bxb8 Rxb8 24. Bb7 Nd2 25. Rfe1 Nxb3 26. Ra3 Bc2 27.
Bxc6 Nb4 28. Ba4 Nd3 29. Rf1 Rb4 30. Bxb3 Bxb3 31. Rfa1 Nxb2 32. Ra8+ Kh7 33.
R1a7 Bd5 34. Rd8 Nd3 35. Rxf7 Rb1+ 36. Kh2 Kg6 37. Rdd7 Kh5 38. Rf8 {Black
resigns} 1-0